| TOP OF THE 1ST |
|
Elizabethton Twins batting - Pitching for Cleveland (APP) Indians : RHP Mike Shields
|
|
Pitching: RHP Mike Shields
|
|
|
Batting: RHB Andrew Nicol
|
0-0: Foul Ball, location: 2F 0-1: Foul Ball, location: 2F 0-2: Ball 1-2: Strikes out swinging wild pitch, reaches first!
|
|
Batting: LHB David Campbell
|
0-0: TRIPLE (Flyball, 9LD, EV 99.4 MPH) Andrew Nicol scores
|
|
Batting: SHB Dan Morataya
|
0-0: Called Strike 0-1: Foul Ball, location: 2F 0-2: Foul Ball, location: 2F 0-2: Ball 1-2: Ball Wild Pitch! David Campbell scores 2-2: SINGLE (Groundball, 56D, EV 101.9 MPH)
|
|
Batting: SHB Chris Hull
|
0-0: Ball 1-0: Foul Ball, location: 2F 1-1: Ball 2-1: Called Strike 2-2: SINGLE (Groundball, 56D, EV 97.5 MPH) Dan Morataya to second
|
|
Batting: RHB Jose Gracia
|
0-0: SINGLE (Flyball, 5D, EV 88.1 MPH) Dan Morataya to third Chris Hull to second
|
|
Batting: RHB Alex Belton
|
0-0: Ball Wild Pitch! Dan Morataya scores Chris Hull to third Jose Gracia to second 1-0: Ball 2-0: 3-RUN HOME RUN (Flyball, 7LD, EV 95.6 MPH), Distance : 336 ft
|
|
Pitching: LHP Jordan Jimenez
|
|
|
Batting: RHB Nick Phipps
|
0-0: Swinging Strike 0-1: SINGLE (Groundball, 56D, EV 103.1 MPH)
|
|
Batting: RHB Jimmy Mayville
|
0-0: Ball 1-0: Ball 2-0: Ball 3-0: Base on Balls Nick Phipps to second
|
|
Batting: SHB Nate Januchowski
|
0-0: Called Strike 0-1: Foul Ball, location: 2F 0-2: Foul Ball, location: 2F 0-2: DOUBLE (Line Drive, 9LS, EV 110.0 MPH) Nick Phipps scores Jimmy Mayville to third
|
|
Batting: RHB Andrew Nicol
|
0-0: Called Strike 0-1: Foul Ball, location: 2F 0-2: Foul Ball, location: 2F 0-2: SINGLE (Line Drive, 6D, EV 96.9 MPH) Jimmy Mayville scores Nate Januchowski to third
|
|
Batting: LHB David Campbell
|
0-0: Foul Ball, location: 2F 0-1: Ball Passed Ball! Nate Januchowski scores Andrew Nicol to second 1-1: Ball Wild Pitch! Andrew Nicol to third 2-1: SINGLE (Line Drive, 89M, EV 105.6 MPH) Andrew Nicol scores
|
|
Pitching: RHP Gilbert Paparelli
|
|
|
Batting: SHB Dan Morataya
|
0-0: Ball 1-0: Called Strike 1-1: 2-RUN HOME RUN (Flyball, 89XD, EV 98.1 MPH), Distance : 414 ft
|
|
Batting: SHB Chris Hull
|
0-0: Ball 1-0: Called Strike 1-1: Ball 2-1: Foul Ball, location: 2F 2-2: SOLO HOME RUN (Flyball, 9D, EV 98.8 MPH), Distance : 385 ft
|
|
Batting: RHB Jose Gracia
|
0-0: Ball 1-0: Ground out 6-3 (Groundball, 6, EV 86.9 MPH)
|
|
Batting: RHB Alex Belton
|
0-0: Ball 1-0: Ball 2-0: Called Strike 2-1: Ball 3-1: SINGLE (Groundball, 4MD, EV 98.8 MPH)
|
|
Batting: RHB Nick Phipps
|
0-0: Called Strike 0-1: Ball 1-1: Called Strike 1-2: SINGLE (Flyball, 3D, EV 86.3 MPH) Alex Belton to second
|
|
Batting: RHB Jimmy Mayville
|
0-0: Ball 1-0: SINGLE (Flyball, 6D, EV 83.1 MPH) Alex Belton to third Nick Phipps to second
|
|
Batting: SHB Nate Januchowski
|
0-0: Swinging Strike 0-1: Swinging Strike 0-2: Strikes out swinging
|
|
Batting: RHB Andrew Nicol
|
0-0: Swinging Strike Passed Ball! Alex Belton scores Nick Phipps to third Jimmy Mayville to second 0-1: Ball Wild Pitch! Nick Phipps scores Jimmy Mayville to third 1-1: Called Strike 1-2: Ball 2-2: Foul Ball, location: 2F 2-2: Ball Passed Ball! Jimmy Mayville scores 3-2: Base on Balls
|
|
Batting: LHB David Campbell
|
0-0: Foul Ball, location: 2F 0-1: Called Strike 0-2: Ball 1-2: Strikes out swinging
|
| Top of the 1st over - 16 runs, 14 hits, 0 errors, 1 left on base; Elizabethton 16 - Cleveland (APP) 0 |
| BOTTOM OF THE 1ST |
|
Cleveland (APP) Indians batting - Pitching for Elizabethton Twins : RHP Bud Puffer
|
|
Pitching: RHP Bud Puffer
|
|
|
Batting: RHB John Clark
|
0-0: Ball 1-0: Fly out, F8 (Line Drive, 8LM, EV 94.4 MPH)
|
|
Batting: RHB Carlos Manriquez
|
0-0: Foul Ball, location: 2F 0-1: Ball 1-1: Swinging Strike 1-2: Ball 2-2: Foul Ball, location: 2F 2-2: Strikes out swinging
|
|
Batting: RHB Juan Gallardo
|
0-0: Ball 1-0: Ball 2-0: Ball 3-0: Called Strike 3-1: Called Strike 3-2: Strikes out swinging
|
| Bottom of the 1st over - 0 runs, 0 hits, 0 errors, 0 left on base; Elizabethton 16 - Cleveland (APP) 0 |
| TOP OF THE 2ND |
|
Elizabethton Twins batting - Pitching for Cleveland (APP) Indians : RHP Gilbert Paparelli
|
|
Batting: SHB Dan Morataya
|
0-0: Called Strike 0-1: Swinging Strike 0-2: Ball 1-2: Foul Ball, location: 2F 1-2: Strikes out looking
|
|
Batting: SHB Chris Hull
|
0-0: Ball 1-0: Ball 2-0: Ball 3-0: Base on Balls
|
|
Batting: RHB Jose Gracia
|
0-0: Swinging Strike 0-1: Ball Wild Pitch! Chris Hull to second 1-1: Ball Wild Pitch! Chris Hull to third 2-1: Foul Ball, location: 2F 2-2: Foul Ball, location: 2F 2-2: Ball Passed Ball! Chris Hull scores 3-2: Foul Ball, location: 2F 3-2: Strikes out swinging
|
|
Batting: RHB Alex Belton
|
0-0: Ball 1-0: DOUBLE (Line Drive, 8RXD, EV 98.1 MPH)
|
|
Batting: RHB Nick Phipps
|
0-0: Ball 1-0: Ball 2-0: Ball Passed Ball! Alex Belton to third 3-0: Base on Balls
|
|
Batting: RHB Jimmy Mayville
|
0-0: Ball 1-0: SINGLE (Groundball, 5D, EV 108.1 MPH) Alex Belton scores Nick Phipps to second
|
|
Batting: SHB Nate Januchowski
|
0-0: Ball Wild Pitch! Nick Phipps to third Jimmy Mayville to second 1-0: Swinging Strike Passed Ball! Nick Phipps scores Jimmy Mayville to third 1-1: Called Strike 1-2: Foul Ball, location: 2F 1-2: Ball Passed Ball! Jimmy Mayville scores 2-2: Strikes out swinging
|
| Top of the 2nd over - 4 runs, 2 hits, 0 errors, 0 left on base; Elizabethton 20 - Cleveland (APP) 0 |
| BOTTOM OF THE 2ND |
|
Cleveland (APP) Indians batting - Pitching for Elizabethton Twins : RHP Bud Puffer
|
|
Batting: RHB Luis Roman
|
0-0: Ball 1-0: Called Strike 1-1: Ball 2-1: Called Strike 2-2: Strikes out swinging
|
|
Batting: LHB Kenji Yokoyama
|
0-0: Ball 1-0: Ground out 6-3 (Groundball, 6, EV 80.6 MPH)
|
|
Pitching: RHP Jon Hice
|
|
|
Batting: RHB Joe Shade
|
0-0: Foul Ball, location: 2F 0-1: Called Strike 0-2: Ball 1-2: Foul Ball, location: 2F 1-2: SINGLE (Groundball, 6D, EV 106.9 MPH)
|
|
Batting: LHB Heath Ryland
|
0-0: Called Strike 0-1: Ball 1-1: Foul Ball, location: 2F 1-2: Ball 2-2: Foul Ball, location: 2F 2-2: Ball 3-2: Foul Ball, location: 2F 3-2: Foul Ball, location: 2F 3-2: Strikes out swinging
|
| Bottom of the 2nd over - 0 runs, 1 hit, 0 errors, 1 left on base; Elizabethton 20 - Cleveland (APP) 0 |
| TOP OF THE 3RD |
|
Elizabethton Twins batting - Pitching for Cleveland (APP) Indians : RHP Gilbert Paparelli
|
|
Batting: RHB Andrew Nicol
|
0-0: Foul Ball, location: 2F 0-1: Fly out, F4 (Popup, 4D, EV 55.6 MPH)
|
|
Batting: LHB David Campbell
|
0-0: Ball 1-0: Ball 2-0: Ground out 6-3 (Groundball, 56, EV 79.4 MPH)
|
|
Batting: SHB Dan Morataya
|
0-0: Ball 1-0: SOLO HOME RUN (Flyball, 7D, EV 97.5 MPH), Distance : 374 ft
|
|
Batting: SHB Chris Hull
|
0-0: Fly out, F9 (Flyball, 9D, EV 96.3 MPH)
|
| Top of the 3rd over - 1 run, 1 hit, 0 errors, 0 left on base; Elizabethton 21 - Cleveland (APP) 0 |
| BOTTOM OF THE 3RD |
|
Cleveland (APP) Indians batting - Pitching for Elizabethton Twins : RHP Jon Hice
|
|
Batting: RHB Ken Shear
|
0-0: Ball 1-0: Ball 2-0: Ground out 5-3 (Groundball, 5S, EV 82.5 MPH)
|
|
Batting: LHB Jose Esteban
|
0-0: Foul Ball, location: 2F 0-1: Swinging Strike 0-2: Foul Ball, location: 2F 0-2: Ball 1-2: Strikes out swinging
|
|
Pitching: RHP Andrew Rich
|
|
|
Batting: RHB John Clark
|
0-0: Called Strike 0-1: Ball 1-1: Foul Ball, location: 2F 1-2: Ball 2-2: Foul Ball, location: 2F 2-2: Ball 3-2: Ground out 5-3 (Groundball, 56S, EV 71.3 MPH)
|
| Bottom of the 3rd over - 0 runs, 0 hits, 0 errors, 0 left on base; Elizabethton 21 - Cleveland (APP) 0 |
| TOP OF THE 4TH |
|
Elizabethton Twins batting - Pitching for Cleveland (APP) Indians : RHP Gilbert Paparelli
|
|
Batting: RHB Jose Gracia
|
0-0: Called Strike 0-1: Ball 1-1: Ball 2-1: Ball 3-1: Swinging Strike 3-2: Base on Balls
|
|
Batting: RHB Alex Belton
|
0-0: Ball 1-0: Called Strike 1-1: Called Strike 1-2: Foul Ball, location: 2F 1-2: Ball Passed Ball! Jose Gracia to second 2-2: Strikes out swinging
|
|
Batting: RHB Nick Phipps
|
0-0: Ball Wild Pitch! Jose Gracia to third 1-0: Ball 2-0: Ball Passed Ball! Jose Gracia scores 3-0: Base on Balls
|
|
Batting: RHB Jimmy Mayville
|
0-0: Fly out, F4 (Flyball, 4D, EV 82.5 MPH)
|
|
Batting: SHB Nate Januchowski
|
0-0: Fielders Choice at 2nd, 6-4 (Groundball, 6, EV 89.4 MPH)
|
| Top of the 4th over - 1 run, 0 hits, 0 errors, 1 left on base; Elizabethton 22 - Cleveland (APP) 0 |
| BOTTOM OF THE 4TH |
|
Cleveland (APP) Indians batting - Pitching for Elizabethton Twins : RHP Andrew Rich
|
|
Batting: RHB Carlos Manriquez
|
0-0: Ground out 5-3 (Groundball, 56, EV 96.3 MPH)
|
|
Batting: RHB Juan Gallardo
|
0-0: Ball 1-0: SINGLE (Groundball, 34D, EV 96.9 MPH)
|
|
Batting: RHB Luis Roman
|
0-0: Called Strike 0-1: Ball 1-1: Foul Ball, location: 2F 1-2: Foul Ball, location: 2F 1-2: Foul Ball, location: 2F 1-2: Foul Ball, location: 2F 1-2: Strikes out swinging
|
|
Batting: LHB Kenji Yokoyama
|
0-0: Ball 1-0: Swinging Strike 1-1: Foul Ball, location: 2F 1-2: Strikes out swinging
|
| Bottom of the 4th over - 0 runs, 1 hit, 0 errors, 1 left on base; Elizabethton 22 - Cleveland (APP) 0 |
| TOP OF THE 5TH |
|
Elizabethton Twins batting - Pitching for Cleveland (APP) Indians : RHP Gilbert Paparelli
|
|
Batting: RHB Andrew Nicol
|
0-0: SOLO HOME RUN (Flyball, 78XD, EV 106.9 MPH), Distance : 412 ft
|
|
Batting: LHB David Campbell
|
0-0: SOLO HOME RUN (Flyball, 9D, EV 103.1 MPH), Distance : 395 ft
|
|
Batting: SHB Dan Morataya
|
0-0: Foul Ball, location: 2F 0-1: Foul Ball, location: 2F 0-2: Hit by Pitch
|
|
Batting: SHB Chris Hull
|
0-0: Swinging Strike 0-1: Hit by Pitch Dan Morataya to second
|
|
Batting: RHB Jose Gracia
|
0-0: SINGLE (Line Drive, 34D, EV 101.9 MPH) Dan Morataya to third Chris Hull to second
|
|
Batting: RHB Alex Belton
|
0-0: Ball 1-0: Called Strike 1-1: Ball 2-1: Called Strike 2-2: Foul Ball, location: 2F 2-2: Ball 3-2: Base on Balls Dan Morataya scores Chris Hull to third Jose Gracia to second
|
|
Batting: RHB Nick Phipps
|
0-0: Called Strike 0-1: Ball Passed Ball! Chris Hull scores Jose Gracia to third Alex Belton to second 1-1: Foul Ball, location: 2F 1-2: Strikes out swinging
|
|
Batting: RHB Jimmy Mayville
|
0-0: Hit by Pitch
|
|
Batting: SHB Nate Januchowski
|
0-0: Fly out, F9 (Flyball, 9D, EV 101.9 MPH) Runner from 3rd tags up, SCORES, no throw by RF
|
|
Batting: RHB Andrew Nicol
|
0-0: Fielders Choice at 2nd, 5-4 (Groundball, 56, EV 101.9 MPH)
|
| Top of the 5th over - 5 runs, 3 hits, 0 errors, 2 left on base; Elizabethton 27 - Cleveland (APP) 0 |
| BOTTOM OF THE 5TH |
|
Cleveland (APP) Indians batting - Pitching for Elizabethton Twins : RHP Andrew Rich
|
|
Pitching: RHP Ewan Wijker
|
|
|
Batting: RHB Joe Shade
|
0-0: Ball 1-0: Ball 2-0: Called Strike 2-1: Ball 3-1: Foul Ball, location: 2F 3-2: Reached on error, E4 (Flyball, 34D, EV 82.5 MPH)
|
|
Batting: LHB Heath Ryland
|
0-0: Ball Wild Pitch! Joe Shade to second 1-0: Ball 2-0: Foul Ball, location: 2F 2-1: Ball 3-1: Base on Balls
|
|
Batting: RHB Ken Shear
|
0-0: Ball 1-0: Grounds into double play, 5-4-3 (Groundball, 56, EV 86.9 MPH) Joe Shade to third
|
|
Batting: LHB Jose Esteban
|
0-0: Called Strike 0-1: Swinging Strike 0-2: Ball 1-2: Foul Ball, location: 2F 1-2: Ball 2-2: Ball Wild Pitch! Joe Shade scores 3-2: Ground out 5-3 (Groundball, 56, EV 90.0 MPH)
|
| Bottom of the 5th over - 1 run, 0 hits, 1 error, 0 left on base; Elizabethton 27 - Cleveland (APP) 1 |
| TOP OF THE 6TH |
|
Elizabethton Twins batting - Pitching for Cleveland (APP) Indians : RHP Gilbert Paparelli
|
|
Batting: LHB David Campbell
|
0-0: Fly out, F3 (Line Drive, 3, EV 66.9 MPH)
|
|
Batting: SHB Dan Morataya
|
0-0: Called Strike 0-1: Foul Ball, location: 2F 0-2: Ground out 3-1 (Groundball, 34, EV 91.9 MPH)
|
|
Batting: SHB Chris Hull
|
0-0: Ball 1-0: Ground out 4-3 (Groundball, 4, EV 86.3 MPH)
|
| Top of the 6th over - 0 runs, 0 hits, 0 errors, 0 left on base; Elizabethton 27 - Cleveland (APP) 1 |
| BOTTOM OF THE 6TH |
|
Cleveland (APP) Indians batting - Pitching for Elizabethton Twins : RHP Ewan Wijker
|
|
Batting: RHB John Clark
|
0-0: Ball 1-0: Ball 2-0: Called Strike 2-1: Foul Ball, location: 2F 2-2: Ground out 6-3 (Groundball, 56, EV 101.9 MPH)
|
|
Batting: RHB Carlos Manriquez
|
0-0: Fly out, F8 (Flyball, 89XD, EV 97.5 MPH)
|
|
Batting: RHB Juan Gallardo
|
0-0: Reached on error, E8 (Flyball, 89D, EV 80.0 MPH)
|
|
Batting: RHB Luis Roman
|
0-0: Ball Wild Pitch! Juan Gallardo to third 1-0: Foul Ball, location: 2F 1-1: SINGLE (Groundball, 6MD, EV 111.3 MPH) Juan Gallardo scores
|
|
Batting: LHB Kenji Yokoyama
|
0-0: Swinging Strike 0-1: Ball 1-1: Ball 2-1: Ball Wild Pitch! Luis Roman to second 3-1: SINGLE (Line Drive, 8RS, EV 106.9 MPH) Luis Roman to third Runner from 3rd tries for Home, throw by CF and OUT! 8-2
|
| Bottom of the 6th over - 1 run, 2 hits, 1 error, 1 left on base; Elizabethton 27 - Cleveland (APP) 2 |
| TOP OF THE 7TH |
|
Elizabethton Twins batting - Pitching for Cleveland (APP) Indians : RHP Gilbert Paparelli
|
|
Batting: RHB Jose Gracia
|
0-0: Called Strike 0-1: Fly out, F8 (Flyball, 8LXD, EV 100.6 MPH)
|
|
Pinch Hitting: RHB Ryan Hawkins
|
0-0: Ground out 5-3 (Groundball, 5, EV 90.0 MPH)
|
|
Batting: RHB Nick Phipps
|
0-0: Ground out 6-3 (Groundball, 6, EV 100.6 MPH)
|
| Top of the 7th over - 0 runs, 0 hits, 0 errors, 0 left on base; Elizabethton 27 - Cleveland (APP) 2 |
| BOTTOM OF THE 7TH |
|
Cleveland (APP) Indians batting - Pitching for Elizabethton Twins : RHP Ewan Wijker
|
|
Now at 3B: Ryan Hawkins
|
|
|
Batting: RHB Joe Shade
|
0-0: Ground out 4-3 (Groundball, 4, EV 106.9 MPH)
|
|
Batting: LHB Heath Ryland
|
0-0: Swinging Strike 0-1: Swinging Strike 0-2: SINGLE (Groundball, 34D, EV 96.9 MPH)
|
|
Batting: RHB Ken Shear
|
0-0: Bunted foul 0-1: Ball 1-1: Ball 2-1: Bunted foul 2-2: Sac Bunt to 23 - play at first, batter OUT! 3-4 Heath Ryland to second
|
|
Pitching: RHP John Giffin
|
|
|
Batting: LHB Jose Esteban
|
0-0: Ball 1-0: Foul Ball, location: 2F 1-1: Ground out U3 (Groundball, 3S, EV 86.3 MPH)
|
| Bottom of the 7th over - 0 runs, 1 hit, 0 errors, 1 left on base; Elizabethton 27 - Cleveland (APP) 2 |
| TOP OF THE 8TH |
|
Elizabethton Twins batting - Pitching for Cleveland (APP) Indians : RHP Gilbert Paparelli
|
|
Pinch Hitting: LHB Diego Gutierres
|
0-0: SINGLE (Groundball, 5, EV 105.0 MPH)
|
|
Batting: SHB Nate Januchowski
|
0-0: Called Strike 0-1: Ball 1-1: Ball Wild Pitch! Diego Gutierres to second 2-1: SINGLE (Groundball, 25, EV 73.1 MPH) (infield hit) Diego Gutierres to third
|
|
Pinch Hitting: RHB Miguel Cardona
|
0-0: Ball 1-0: Ball 2-0: Ball Passed Ball! Diego Gutierres scores Nate Januchowski to second 3-0: Called Strike 3-1: Base on Balls
|
|
Batting: LHB David Campbell
|
0-0: Fly out, F9 (Flyball, 89S, EV 93.1 MPH)
|
|
Batting: SHB Dan Morataya
|
0-0: Ball 1-0: Fielders Choice at 2nd, 4-6 (Groundball, 34, EV 108.8 MPH) Nate Januchowski to third
|
|
Batting: SHB Chris Hull
|
0-0: Ball 1-0: Ball 2-0: Ball 3-0: Called Strike 3-1: Base on Balls Dan Morataya to second
|
|
Batting: RHB Jose Gracia
|
0-0: Ball 1-0: Foul Ball, location: 2F 1-1: Ground out 6-3 (Groundball, 6S, EV 88.8 MPH)
|
| Top of the 8th over - 1 run, 2 hits, 0 errors, 3 left on base; Elizabethton 28 - Cleveland (APP) 2 |
| BOTTOM OF THE 8TH |
|
Cleveland (APP) Indians batting - Pitching for Elizabethton Twins : RHP John Giffin
|
|
Now at 1B: David Campbell
|
|
|
Now at 2B: Miguel Cardona
|
|
|
Now in LF: Diego Gutierres
|
|
|
Batting: RHB John Clark
|
0-0: Called Strike 0-1: SINGLE (Groundball, 25, EV 69.4 MPH) (infield hit)
|
|
Batting: RHB Carlos Manriquez
|
0-0: Called Strike 0-1: Swinging Strike 0-2: SINGLE (Groundball, 6M, EV 102.5 MPH) (infield hit) John Clark to second
|
|
Batting: RHB Juan Gallardo
|
0-0: Called Strike 0-1: Hit by Pitch John Clark to third Carlos Manriquez to second
|
|
Batting: RHB Luis Roman
|
0-0: Ball 1-0: Called Strike 1-1: Ball 2-1: Ground out 6-3 (Groundball, 6S, EV 64.4 MPH) John Clark scores Carlos Manriquez to third Juan Gallardo to second
|
|
Batting: LHB Kenji Yokoyama
|
0-0: Ball 1-0: Foul Ball, location: 2F 1-1: Fly out, F8 (Line Drive, 8LM, EV 106.9 MPH) Runner from 3rd tags up, SCORES, throw by CF
|
|
Batting: RHB Joe Shade
|
0-0: Foul Ball, location: 2F 0-1: Ball 1-1: Swinging Strike 1-2: Ground out 1-3 (Groundball, 13S, EV 74.4 MPH)
|
| Bottom of the 8th over - 2 runs, 2 hits, 0 errors, 1 left on base; Elizabethton 28 - Cleveland (APP) 4 |
| TOP OF THE 9TH |
|
Elizabethton Twins batting - Pitching for Cleveland (APP) Indians : RHP Gilbert Paparelli
|
|
Batting: RHB Ryan Hawkins
|
0-0: SINGLE (Groundball, 6D, EV 95.0 MPH)
|
|
Pinch Hitting: RHB Aaron Dusch
|
0-0: Fielders Choice at 2nd, 5-4 (Groundball, 56S, EV 85.6 MPH)
|
|
Batting: LHB Diego Gutierres
|
0-0: Fielders Choice at 2nd, 4-6 (Groundball, 34D, EV 78.8 MPH)
|
|
Pinch Hitting: RHB Keith Nix
|
0-0: Ball 1-0: Called Strike 1-1: Swinging Strike 1-2: Strikes out looking
|
| Top of the 9th over - 0 runs, 1 hit, 0 errors, 1 left on base; Elizabethton 28 - Cleveland (APP) 4 |
| BOTTOM OF THE 9TH |
|
Cleveland (APP) Indians batting - Pitching for Elizabethton Twins : RHP John Giffin
|
|
Now at C: Keith Nix
|
|
|
Now in CF: Aaron Dusch
|
|
|
Batting: LHB Heath Ryland
|
0-0: SINGLE (Groundball, 4, EV 98.1 MPH)
|
|
Batting: RHB Ken Shear
|
0-0: Ground out 5-3 (Groundball, 5L, EV 80.6 MPH) Heath Ryland to second
|
|
Batting: LHB Jose Esteban
|
0-0: Ball 1-0: Ground out 3-1 (Groundball, 34, EV 100.0 MPH) Heath Ryland to third
|
|
Batting: RHB John Clark
|
0-0: Ground out 5-3 (Groundball, 5, EV 110.0 MPH)
|
| Bottom of the 9th over - 0 runs, 1 hit, 0 errors, 1 left on base; Elizabethton 28 - Cleveland (APP) 4 |
|